 Dungeon Crawl Stone Soup version 0.32-a0-128-g77eb882913 (console) character file.

Game seed: 17345947945438232366

896 jejorda2 the Chopper (level 8, -1/67 HPs)
             Began as a Gnoll Berserker on Feb 7, 2024.
             Was a Priest of Trog.
             Slain by a lemure (5 damage)
             ... led by Pikel
             ... on level 5 of the Dungeon.
             The game lasted 00:11:01 (4090 turns).

jejorda2 the Chopper (Gnoll Berserker)              Turns: 4090, Time: 00:11:02

Health: -1/67      AC: 12    Str: 18    XL:     8   Next: 7%
Magic:  12/12      EV: 12    Int:  6    God:    Trog [***...]
Gold:   323        SH:  0    Dex: 16    Spells: 13/13 levels left

rFire   . . .        a - +0 war axe
rCold   . . .        (no shield)
rNeg    . . .        l - +2 scale mail {Will+}
rPois   .            (no helmet)
rElec   .            d - +0 cloak of the Flute {Dex+3}
rCorr   .            (no gloves)
SInv    .            f - +0 pair of boots
Will    +++..        (no amulet)
Stlth   +            (no ring)
HPRegen 1.31/turn    (no ring)
MPRegen 0.13/turn

%: no passive effects
@: mighty, weakened, strong-willed, on berserk cooldown, regenerating, slowed,
invisible, very slow
A: fangs 1, strong nose, distributed training
a: Renounce Religion, Berserk, Trog's Hand


You were on level 5 of the Dungeon.
You worshipped Trog.
Trog was most pleased with you.
You visited 1 branch of the dungeon, and saw 5 of its levels.
You also visited: Sewer.

You collected 323 gold pieces.

Inventory:

Hand Weapons
 a - a +0 war axe (weapon)
Missiles
 e - 10 poisoned darts (quivered)
 s - a curare-tipped dart
Armour
 d - the +0 cloak of the Flute (worn) {Dex+3}
   (You found it on level 2 of the Dungeon)

   Dex+3:     It affects your dexterity (+3).
 f - a +0 pair of boots (worn)
 i - a +0 cloak
 l - a +2 scale mail of willpower (worn)
Scrolls
 j - 2 scrolls of fog
 m - a scroll of blinking
 q - 2 scrolls of identify
Potions
 c - 2 potions of invisibility
 g - 3 potions of curing
 h - a potion of mutation
 o - a potion of cancellation


   Skills:
 + Level 7.2 Fighting
 + Level 3.0 Short Blades
 + Level 3.0 Long Blades
 + Level 7.2 Axes
 + Level 3.0 Maces & Flails
 + Level 3.0 Polearms
 + Level 3.0 Staves
 + Level 3.0 Ranged Weapons
 + Level 3.0 Throwing
 + Level 5.5 Armour
 + Level 5.5 Dodging
 + Level 3.0 Stealth
 + Level 3.0 Shields
 + Level 3.0 Unarmed Combat
 + Level 3.0 Spellcasting
 + Level 2.4 Conjurations
 + Level 2.4 Hexes
 + Level 2.4 Summonings
 + Level 2.4 Necromancy
 + Level 2.4 Translocations
 + Level 2.4 Fire Magic
 + Level 2.4 Ice Magic
 + Level 2.4 Air Magic
 + Level 2.4 Earth Magic
 + Level 2.4 Alchemy
 + Level 3.3 Invocations
 + Level 3.0 Evocations
 + Level 2.7 Shapeshifting


You had 13 spell levels left.
You didn't know any spells.
Your spell library was empty.

Dungeon Overview and Level Annotations

Branches:
Dungeon (5/15)              Sewer (visited)
 Temple: D:4-7

Altars:
Okawaru
Ru
Wu Jian

Annotations:
D:5 Pikel, Sigmund


Innate Abilities, Weirdness & Mutations

You have very sharp teeth.
Your uncanny sense of smell can sniff out nearby items.
Your experience applies equally to all skills.


Message History

Your Evocations skill increases to level 3!
You have reached level 8!
You feel agile.
Your skin crawls.
You feel strong-willed.
The gnoll bouda gazes fiercely through you!
You feel your attacks grow feeble. The gnoll barely misses you.
The lemure hits you.
* * * LOW HITPOINT WARNING * * *
The gnoll misses you. The lemure hits you but does no damage.
Unknown command.
You closely miss the lemure.
The gnoll bouda barks out a call to the hunt!
The gnoll picks up the pace!
The lemure hits you!
* * * LOW HITPOINT WARNING * * *
The gnoll hits you but does no damage.
You slash the lemure!
The lemure is moderately wounded.
The gnoll bouda gazes fiercely through you!
You feel as though you will be weak longer.
The gnoll hits you from afar with a +0 halberd!
* * * LOW HITPOINT WARNING * * *
The lemure closely misses you. The gnoll closely misses you.
The lemure hits you but does no damage.
Okay, then.
Unknown command.
Unknown command.
You fade into invisibility!
The gnoll closely misses you. The lemure barely misses you.
The lemure closely misses you.
The gnoll hits you from afar with a +0 halberd.
* * * LOW HITPOINT WARNING * * *
Unknown command.
Unknown command.
You strike the helpless lemure from behind!
You hit the lemure.
The lemure is heavily wounded.
The lemure hits you.
You die...

)...........# ))#.........##
..#..........##
.##...........# .......
..#...........# .......
..............## .......
...........!...# ......[
..##...........### ......>
.#####....####..@####.......
.# ###### ####5g5#....... ##
#######g)†......
###...##K).#..#...
.......#5.## ..# .......§.g#
..# .........## #..
########## .


You could see 2 lemures, a gnoll bouda (unable to see you) and a gnoll (swift,
unable to see you).

Vanquished Creatures
  A water moccasin (D:5)
  An ogre (D:5)
  A lemure (D:5)
  2 kobold brigands (Sewer)
  Blork the orc (D:5)
  A bombardier beetle (D:4)
  2 hounds
  Crazy Yiuf (D:2)
  A jelly (D:4)
  2 iguanas
  Jessica (D:3)
  Terence (D:2)
  7 gnolls (D:5)
  5 adders
  A river rat (Sewer)
  5 ribbon worms
  A dart slug (D:2)
  6 orcs
  10 endoplasms
  2 giant cockroaches
  16 goblins
  12 hobgoblins
  3 quokkas
  12 ball pythons
  7 bats
  2 frilled lizards
  14 kobolds
  8 rats
126 creatures vanquished.

Notes
Turn   | Place    | Note
-------+----------+-------------------------------------------
     0 | D:1      | jejorda2 the Gnoll Berserker began the quest for the Orb.
     0 | D:1      | Reached XP level 1. HP: 23/23 MP: 1/1
   219 | D:1      | Reached XP level 2. HP: 23/29 MP: 2/2
   653 | D:1      | You fall into a shaft and drop 1 floor!
   665 | D:2      | Reached XP level 3. HP: 35/35 MP: 3/3
   916 | D:2      | Reached skill level 1 in Invocations
  1023 | D:1      | Reached ** piety under Trog
  1147 | D:2      | Noticed Terence
  1150 | D:2      | Reached skill level 1 in Short Blades
  1150 | D:2      | Reached skill level 1 in Long Blades
  1150 | D:2      | Reached skill level 1 in Maces & Flails
  1150 | D:2      | Reached skill level 1 in Polearms
  1150 | D:2      | Reached skill level 1 in Staves
  1150 | D:2      | Reached skill level 1 in Ranged Weapons
  1150 | D:2      | Reached skill level 1 in Throwing
  1150 | D:2      | Reached skill level 1 in Stealth
  1150 | D:2      | Reached skill level 1 in Shields
  1150 | D:2      | Reached skill level 1 in Unarmed Combat
  1150 | D:2      | Reached skill level 1 in Spellcasting
  1150 | D:2      | Reached skill level 1 in Evocations
  1163 | D:2      | Killed Terence
  1164 | D:2      | Reached skill level 1 in Shapeshifting
  1164 | D:2      | Reached XP level 4. HP: 32/41 MP: 5/5
  1229 | D:2      | Reached skill level 1 in Conjurations
  1229 | D:2      | Reached skill level 1 in Hexes
  1229 | D:2      | Reached skill level 1 in Summonings
  1229 | D:2      | Reached skill level 1 in Necromancy
  1229 | D:2      | Reached skill level 1 in Translocations
  1229 | D:2      | Reached skill level 1 in Fire Magic
  1229 | D:2      | Reached skill level 1 in Ice Magic
  1229 | D:2      | Reached skill level 1 in Air Magic
  1229 | D:2      | Reached skill level 1 in Earth Magic
  1229 | D:2      | Reached skill level 1 in Alchemy
  1261 | D:2      | Identified the +0 cloak of the Flute {Dex+3}
  1378 | D:2      | Found a runed translucent door.
  1379 | D:2      | Noticed Crazy Yiuf
  1408 | D:2      | Found an iron altar of Okawaru.
  1641 | D:2      | Killed Crazy Yiuf
  1642 | D:2      | Reached XP level 5. HP: 29/47 MP: 5/7
  1849 | D:3      | Found an ornate altar of the Wu Jian Council.
  1857 | D:3      | Found a sacrificial altar of Ru.
  1909 | D:3      | Noticed Jessica
  1914 | D:3      | Killed Jessica
  2030 | D:3      | Found an iron altar of Okawaru.
  2383 | D:4      | Found a glowing drain.
  2396 | D:4      | Reached XP level 6. HP: 47/53 MP: 8/8
  2407 | Sewer    | Entered a sewer
  2618 | Sewer    | Reached skill level 5 in Armour
  2618 | Sewer    | Reached skill level 5 in Dodging
  3124 | D:4      | Reached XP level 7. HP: 47/60 MP: 10/10
  3514 | D:4      | Reached *** piety under Trog
  3850 | D:5      | Entered Level 5 of the Dungeon
  4054 | D:5      | Noticed Blork the orc
  4054 | D:5      | Noticed Pikel
  4059 | D:5      | Noticed Sigmund
  4085 | D:5      | Killed Blork the orc
  4086 | D:5      | Reached XP level 8. HP: 20/67 MP: 12/12
  4089 | D:5      | HP: 2/67 [gnoll/+0 halberd[a gnoll bouda] (5)]
  4090 | D:5      | Slain by a lemure

Illustrated notes

Levels and vault maps discovered:
D:1:      dpeg_arrival_windows_large_door, layout_loops_ring,
          minmay_stone_trees_medium
D:2:      layout_basic, basic_altar, kennysheep_generic_room_14,
          uniq_crazy_yiuf_cottage, uniq_terence
D:3:      layout_basic, mainiacjoe_overflow_paths, grunt_temple_overflow_open,
          uniq_jessica
D:4:      cheibrodos_greedy_goblins, layout_loops_ring,
          cheibrodos_sewer_entry_bend
D:5:      layout_cave_pods, fedhas_altar_decomposition,
          nicolae_hepliaklqana_hippocampus, uniq_pikel, uniq_sigmund,
          uniq_blork_the_orc

Skill      XL: |  1  2  3  4  5  6  7 |
---------------+----------------------+-----
Invocations    | 1 2 3 |  3.3
Short Blades   | 1 2 3 |  3.0
Long Blades    | 1 2 3 |  3.0
Maces & Flails | 1 2 3 |  3.0
Polearms       | 1 2 3 |  3.0
Staves         | 1 2 3 |  3.0
Ranged Weapons | 1 2 3 |  3.0
Throwing       | 1 2 3 |  3.0
Stealth        | 1 2 3 |  3.0
Shields        | 1 2 3 |  3.0
Unarmed Combat | 1 2 3 |  3.0
Spellcasting   | 1 2 3 |  3.0
Evocations     | 1 2 3 |  3.0
Shapeshifting  | 1 2 |  2.7
Conjurations   | 1 2 |  2.4
Hexes          | 1 2 |  2.4
Summonings     | 1 2 |  2.4
Necromancy     | 1 2 |  2.4
Translocations | 1 2 |  2.4
Fire Magic     | 1 2 |  2.4
Ice Magic      | 1 2 |  2.4
Air Magic      | 1 2 |  2.4
Earth Magic    | 1 2 |  2.4
Alchemy        | 1 2 |  2.4
Armour         | 5 |  5.5
Dodging        | 5 |  5.5
Fighting       | 7 |  7.2
Axes           | 7 |  7.2

Action                     |  1- 3 |  4- 6 |  7- 9 || total
---------------------------+-------+-------+-------++-------
  Melee: Hand axe          |    99 |   221 |    90 ||   410
         Bite              |    10 |    23 |    14 ||    47
         Punch             |     3 |     9 |     4 ||    16
         War axe           |       |       |    26 ||    26
  Throw: Dart              |       |       |     2 ||     2
 Invoke: Berserk           |       |     1 |     2 ||     3
         Trog's Hand       |       |       |     3 ||     3
    Use: Scroll            |       |     6 |     8 ||    14
         Potion            |       |     4 |     2 ||     6
   Stab: Invisible         |       |       |     1 ||     1
 Armour: Animal skin       |     6 |       |       ||     6
         Ring mail         |    37 |       |       ||    37
         Scale mail        |       |   107 |   113 ||   220
  Dodge: Dodged            |    53 |   119 |    83 ||   255
         Form:             |     1 |       |       ||     1
         Statue            |     1 |       |       ||     1

Table legend: (Time is in decaauts)
 A = Elapsed time spent in this place.
 B = Non-inter-level travel time spent in this place.
 C = Inter-level travel time spent in this place.
 D = Time resting spent in this place.
 E = Time spent auto-exploring this place.
 F = Levels seen in this place.
 G = Mean time per level.
                   A        B        C        D        E       F      G
               +--------+--------+--------+--------+--------+-----+--------+
         Total |   4194 |   3973 |    221 |    100 |   2827 |   6 |  699.0 |
       Dungeon |   3486 |   3265 |    221 |      8 |   2464 |   5 |  697.2 |
         Sewer |    707 |    707 |      0 |     92 |    363 |   1 |  707.0 |
               +--------+--------+--------+--------+--------+-----+--------+

Top non-repeatable levels by time:
     D:2: 966 daAuts
     D:4: 864 daAuts
     D:1: 830 daAuts
   Sewer: 707 daAuts
     D:3: 571 daAuts
     D:5: 253 daAuts
